 Dungeon Crawl Stone Soup version 0.32-a0-913-g739538afd8 (webtiles) character file.

Game seed: 18334400898744737675

612 Chiseanne the Trooper (level 7, -3/55 HPs)
             Began as a Demonspawn Wanderer on Apr 9, 2024.
             Incinerated by a bombardier beetle (4 damage)
             ... with a burning spray
             ... on level 4 of the Dungeon.
             The game lasted 00:10:47 (3206 turns).

Chiseanne the Trooper (Demonspawn Wanderer)         Turns: 3206, Time: 00:10:47

Health: -3/55      AC:  8    Str: 16    XL:     7   Next: 20%
Magic:  8/8        EV:  9    Int: 10    God:
Gold:   163        SH:  0    Dex: 16    Spells: 8/8 levels left

rFire   . . .        a - +3 dagger
rCold   . . .        o - +0 kite shield "Hero's Friend" {Dex+3}
rNeg    + . .        u - +1 ring mail {rN+}
rPois   .            (no helmet)
rElec   .            (no cloak)
rCorr   .            (no gloves)
SInv    .            h - +0 pair of boots
Will    .....        (no amulet) Stlth
                     (no ring)
HPRegen 0.29/turn    (no ring)
MPRegen 0.11/turn

%: no passive effects
@: confused, mighty, on fire, ambrosia-drunk, glowing
A: demonic magic 2, foul shadow 1
a: no special abilities


You were on level 4 of the Dungeon.
You visited 1 branch of the dungeon, and saw 4 of its levels.
You also visited: Ossuary.

You collected 163 gold pieces.

Inventory:

Hand Weapons
 a - a +3 dagger (weapon)
 c - a +2 dagger of protection
 k - a +0 dagger of venom
Missiles
 e - 10 poisoned darts (quivered)
 g - 17 stones
Armour
 h - a +0 pair of boots (worn)
 o - the +0 kite shield "Hero's Friend" (worn) {Dex+3}
   (You found it on level 2 of the Dungeon)

   Dex+3:     It affects your dexterity (+3).
 u - a +1 ring mail of positive energy (worn)
Jewellery
 n - an amulet of magic regeneration
 p - a ring of wizardry
 s - a ring of see invisible
Wands
 t - a wand of paralysis (6)
Scrolls
 j - 2 scrolls of identify
 q - a scroll of amnesia
Potions
 i - 2 potions of enlightenment


   Skills:
 * Level 4.4 Fighting
 * Level 3.7 Armour
 * Level 3.4 Dodging
 - Level 2.6 Stealth
 * Level 2.6 Shields
 - Level 1.0 Spellcasting
 - Level 2.0 Summonings
 - Level 1.0 Evocations


You had 8 spell levels left.
You didn't know any spells.
Your spell library contained the following spells:

 Spells                   Type           Power      Damage    Failure   Level
 Summon Small Mammal      Summ           16%        N/A       63%         1
 Static Discharge         Conj/Air       0%         3-3/arc   96%         2
 Summon Ice Beast         Ice/Summ       2%         N/A       98%         3
 Airstrike                Air            0%         2d(0-16)  100%        4
 Summon Lightning Spire   Summ/Air       2%         N/A       100%        4


Dungeon Overview and Level Annotations

Branches:
Dungeon (4/15)            Ossuary (visited)
 Temple: D:4-7

Altars:
Makhleb
Okawaru
Xom

Shops:
D:3 [

Annotations:
D:4 Dowan


Innate Abilities, Weirdness & Mutations

Spells you cast may paralyse nearby enemies.
You are faintly shadowed, very rarely releasing foul flame when damaged in melee.


Message History

The sleepcap barely misses you.
The orc priest shouts, "Beogh offers mercy even to people such as you.
Join us and be reborn!"
You puncture the orc priest!
The orc priest is almost dead.
The orc priest invokes the aid of Beogh against you.
Beogh smites you!
* * * LOW HITPOINT WARNING * * *
You block the sleepcap's attack.
You hit the orc priest.
You kill the orc priest!
You block the sleepcap's attack. The sleepcap attacks as it pursues you!
The sleepcap closely misses you.
Things that are here:
a +0 club; a +0 ring mail; a +0 club You hit the sleepcap but do no damage.
You block the sleepcap's attack.
You hit the sleepcap.
The sleepcap is lightly damaged.
The bombardier beetle sprays incendiary fluid at you.
The burning spray hits you.
You are covered in liquid fire!
The sleepcap releases spores at you but does no damage.
You hit the sleepcap.
The sleepcap is moderately damaged.
The liquid fire burns you!
* * * LOW HITPOINT WARNING * * *
You block the sleepcap's attack.
You puncture the sleepcap!
The sleepcap is severely damaged.
The liquid fire burns you!
* * * LOW HITPOINT WARNING * * *
The sleepcap barely misses you. x2
You hit the sleepcap.
The sleepcap is severely damaged.
The liquid fire burns you!
* * * LOW HITPOINT WARNING * * *
The sleepcap releases spores at you but does no damage.
You are confused.
You feel invigorated. The liquid fire burns you!
You die...

...#.## ####.#..[#
#.#.####.......###
##.......f§.$......
#.....##.##.##.....
(.....#.##...#..#
###.
#####.#.#..###○## #
....## #.# ....W
#f# ..###. #@# .#.
. #.# ###. .# #B#
#.# .). ... ...
.....


You could see a sleepcap and a bombardier beetle.

Vanquished Creatures
  Duvessa (D:4)
  A weeping skull (D:4)
  An elf skeleton (D:4)
  2 hounds
  A human zombie (D:4)
  An orc priest (D:4)
  2 human skeletons (D:4)
  10 adders
  5 dart slugs
  2 ribbon worms
  3 orcs
  8 endoplasms
  8 giant cockroaches
  6 goblins
  2 hobgoblins
  3 jackals (D:2)
  13 quokkas
  14 ball pythons
  6 bats
  3 frilled lizards
  11 kobolds
  An orc skeleton (D:4)
  An orc zombie (D:4)
  6 rats
111 creatures vanquished.

Notes
Turn   | Place    | Note
-------+----------+-------------------------------------------
     0 | D:1      | Chiseanne the Demonspawn Wanderer began the quest for the
                  | Orb.
     0 | D:1      | Chiseanne set off with the following items: a +3 dagger, a
                  | potion of might, a potion of berserk rage, a +0 leather
                  | armour; and the following spell memorised: Summon Small
                  | Mammal; and the following spells available to memorise:
                  | Summon Ice Beast.
     0 | D:1      | Reached XP level 1. HP: 16/16 MP: 2/2
   185 | D:1      | Gained mutation: Spells you cast may paralyse adjacent
                  | enemies. [demonic ancestry]
   185 | D:1      | Reached XP level 2. HP: 22/22 MP: 3/3
   432 | D:1      | Reached skill level 1 in Dodging
   674 | D:1      | Gained mutation: You are faintly shadowed, very rarely
                  | releasing foul flame when damaged in melee. [demonic
                  | ancestry]
   674 | D:1      | Reached XP level 3. HP: 26/28 MP: 4/4
   966 | D:2      | Found a shimmering altar of Xom.
  1179 | D:2      | Reached skill level 3 in Fighting
  1200 | D:2      | Reached XP level 4. HP: 35/35 MP: 5/5
  1453 | D:2      | Identified the +0 kite shield "Hero's Friend" {Dex+3}
  1937 | D:3      | Reached XP level 5. HP: 41/41 MP: 6/6
  2223 | D:3      | Found Unef Kyitt's Antique Armour Boutique.
  2401 | D:3      | Found an iron altar of Okawaru.
  2530 | D:3      | Reached skill level 1 in Shields
  2839 | D:4      | Reached XP level 6. HP: 44/48 MP: 7/7
  2904 | D:4      | Found a sand-covered staircase.
  2930 | D:4      | Reached skill level 4 in Fighting
  2933 | Ossuary  | Entered an ossuary
  3091 | D:4      | Found a burning altar of Makhleb.
  3130 | D:4      | Noticed Duvessa
  3131 | D:4      | Noticed Dowan
  3170 | D:4      | Killed Duvessa
  3171 | D:4      | Gained mutation: Spells you cast may paralyse nearby
                  | enemies. [demonic ancestry]
  3171 | D:4      | Reached XP level 7. HP: 43/55 MP: 8/8
  3205 | D:4      | HP: 1/55 [burnt (6)]
  3206 | D:4      | Incinerated by a bombardier beetle

Illustrated notes

Levels and vault maps discovered:
D:1:      minmay_arrival_up_and_down, layout_loops_ring, st_stairs_9, hex_medium
D:2:      layout_basic, basic_altar
D:3:      layout_loops_ring, mainiacjoe_overflow_six_doors_small, serial_shops,
          shop, gup_sewer_entry_pipe
D:4:      layout_rooms, lightli_temple_of_fire, nicolae_ossuary_entry_catacombs,
          lightli_minifort, uniq_duvessa

Skill      XL: |  1  2  3  4  5  6 |
---------------+-------------------+-----
Dodging        | 1 2 3 |  3.4
Armour         | 2 3 |  3.7
Fighting       | 3 4 |  4.4
Shields        | 1 2 |  2.6
Stealth        | |  2.6
Spellcasting   | |  1.0
Summonings     | |  2.0
Evocations     | |  1.0

Action                     |  1- 3 |  4- 6 |  7- 9 || total
---------------------------+-------+-------+-------++-------
  Melee: Dagger            |   128 |   335 |    21 ||   484
  Throw: Stone             |     2 |     2 |       ||     4
         Dart              |       |     7 |       ||     7
   Cast: Summon Small Mamm |     1 |       |       ||     1
  Evoke: Wand              |       |     5 |       ||     5
    Use: Scroll            |     8 |     5 |     2 ||    15
         Potion            |       |     1 |     5 ||     6
   Stab: Sleeping          |     4 |     7 |       ||    11
         Paralysed         |       |     9 |       ||     9
 Armour: Leather armour    |    74 |    64 |       ||   138
         Ring mail         |       |    76 |    20 ||    96
  Dodge: Dodged            |    71 |   152 |     9 ||   232
  Block: Kite shield       |       |    95 |    19 ||   114

Table legend: (Time is in decaauts)
 A = Elapsed time spent in this place.
 B = Non-inter-level travel time spent in this place.
 C = Inter-level travel time spent in this place.
 D = Time resting spent in this place.
 E = Time spent auto-exploring this place.
 F = Levels seen in this place.
 G = Mean time per level.
                   A        B        C        D        E       F      G
               +--------+--------+--------+--------+--------+-----+--------+
         Total |   3281 |   3201 |     80 |    299 |   1649 |   5 |  656.2 |
       Dungeon |   3238 |   3158 |     80 |    267 |   1649 |   4 |  809.5 |
       Ossuary |     43 |     43 |      0 |     32 |      0 |   1 |   43.0 |
               +--------+--------+--------+--------+--------+-----+--------+

Top non-repeatable levels by time:
     D:1: 962 daAuts
     D:3: 943 daAuts
     D:2: 827 daAuts
     D:4: 506 daAuts
 Ossuary: 43 daAuts
